 Dungeon Crawl Stone Soup version 0.18.1-6-gd335043 (webtiles) character file.

271 lightmor the Ruffian (level 6, -3/51 HPs)
             Began as a Naga Transmuter on May 18, 2016.
             Slain by a gnoll
             ... wielding a +0 spear
              (10 damage)
             ... on level 2 of the Dungeon.
             The game lasted 00:08:04 (2941 turns).

lightmor the Ruffian (Naga Transmuter)              Turns: 2941, Time: 00:08:05

Health: -3/51      AC:  3    Str: 15    XL:     6   Next: 23%
Magic:  4/9        EV: 10    Int: 13    God:
Gold:   115        SH:  0    Dex: 11    Spells: 3 memorised, 3 levels left

rFire  . . .     SeeInvis +       - Unarmed
rCold  . . .     Gourm    .     b - +0 robe
rNeg   . . .     Faith    .     (no shield)
rPois  +         Spirit   .     (no helmet)
rElec  .         Dismiss  .     (no cloak)
rCorr  .         Reflect  .     (no gloves)
SustAt .         Harm     .     (no barding)
MR     +....                    (no amulet)
Stlth  +.........               (no ring)
                                i - ring of protection from magic

@: very slow, somewhat resistant to hostile enchantments, very unstealthy
A: see invisible, deformed body, poison resistance, slowness 2, slow metabolism
1, spit poison 2, AC +2
a: Spit Poison


You were on level 2 of the Dungeon.
You were very hungry.

You visited 1 branch of the dungeon, and saw 2 of its levels.

You collected 115 gold pieces.

Inventory:

Missiles
 a - 3 arrows
Armour
 b - a +0 robe (worn)
Jewellery
 i - a ring of protection from magic (left hand)
Scrolls
 g - a scroll of noise {unknown}
 h - a scroll of amnesia {unknown}
 k - a scroll of enchant armour {unknown}
 m - a scroll of fear {unknown}
 n - a scroll of enchant weapon {unknown}
Potions
 e - 3 potions of lignification
 l - a potion of might {unknown}
 o - a potion of brilliance {unknown}
 p - a potion of haste {unknown}
 r - a potion of flight {unknown}
Books
 c - a book of Changes

   Spells                             Type                      Level
   a - Beastly Appendage              Transmutation                1
   b - Sticks to Snakes               Transmutation                2
   c - Spider Form                    Transmutation/Poison         3
   d - Ice Form                       Ice/Transmutation            4
   e - Blade Hands                    Transmutation                5
Miscellaneous
 q - a plain deck of escape {drawn: 1}
Comestibles
 d - 2 bread rations
 f - 5 chunks of flesh
 j - a meat ration


   Skills:
 - Level 1.0 Fighting
 - Level 1.5 Dodging
 * Level 6.1 Unarmed Combat
 - Level 2.0 Spellcasting
 + Level 3.5 Transmutations


You had 3 spell levels left.
You knew the following spells:

 Your Spells              Type           Power        Failure   Level  Hunger
a - Beastly Appendage     Trmt           ##....       8%          1    ##.....
b - Sticks to Snakes      Trmt           ##......     10%         2    ###....
c - Spider Form           Trmt/Pois      #.........   38%         3    ####...


Dungeon Overview and Level Annotations

Branches:
Dungeon (2/15)

Altars:
Nemelex Xobeh


Innate Abilities, Weirdness & Mutations

You cannot wear boots.
Your serpentine skin is tough (AC +2).
You have supernaturally acute eyesight.
Armour fits poorly on your strangely shaped body.
Your system is resistant to poisons.
You cover ground very slowly.
You have a slow metabolism.
You can spit poison.


Message History

a scythe; a robe There isn't anything to butcher here.
Your magical contamination has completely faded away.
You see here a rat corpse.
You butcher the rat corpse.
You see here a chunk of flesh.
The gnoll shouts!
Press: ? - help, Shift-Dir - straight line, f - gnoll
Aim: a gnoll, wielding a spear The splash of poison hits the gnoll.
The gnoll is poisoned.
The gnoll is severely wounded.
You are feeling very hungry.
The gnoll hits you from afar with a spear.
* * * LOW HITPOINT WARNING * * *
You have got your breath back.
The gnoll looks more healthy.
The gnoll hits you from afar with a spear.
* * * LOW HITPOINT WARNING * * *
The gnoll hits you from afar with a spear!
You die...

##.#..##.####...###
#...#.#.......>....
#..................
#....).............
#####%#######...###
####.# ###...###
#.g..# #.......#
#.#### #.#...#.#
#@# #.#...#.#
######.# #.#...#.#
#......# #.......#
. #.#.#.###
#.##.#... .# ##.#
###...#...# .. #.#
#....###..# #. ##@#
#.#.## ##..
#.###.##
#.#..###.># #.r.##
#.#...#...#


You could see a gnoll.

Vanquished Creatures
  Sigmund (D:2)
  6 gnolls (D:2)
  4 adders (D:2)
  An ooze (D:1)
  A worm (D:2)
  A dart slug (D:2)
  2 giant geckos
  9 bats (D:1)
  3 giant cockroaches
  8 hobgoblins
  13 giant newts
  A goblin (D:2)
  4 kobolds
  12 rats
66 creatures vanquished.

Vanquished Creatures (collateral kills)
  A gnoll (D:1)
  A giant gecko (D:2)
  A hobgoblin (D:1)
  A giant newt (D:2)
4 creatures vanquished.

Grand Total: 70 creatures vanquished

Notes
Turn   | Place    | Note
--------------------------------------------------------------
     0 | D:1      | lightmor the Naga Transmuter began the quest for the Orb.
     0 | D:1      | Reached XP level 1. HP: 18/18 MP: 3/3
   519 | D:1      | Reached XP level 2. HP: 18/25 MP: 5/5
   622 | D:1      | Learned a level 2 spell: Sticks to Snakes
   990 | D:1      | Reached skill level 4 in Unarmed Combat
  1105 | D:1      | Reached XP level 3. HP: 9/31 MP: 6/6
  1619 | D:1      | Learned a level 3 spell: Spider Form
  2071 | D:2      | Reached XP level 4. HP: 34/38 MP: 7/7
  2165 | D:2      | Reached skill level 5 in Unarmed Combat
  2367 | D:2      | Reached XP level 5. HP: 44/44 MP: 8/8
  2810 | D:2      | Found a sparkling altar of Nemelex Xobeh.
  2892 | D:2      | Noticed Sigmund
  2928 | D:2      | Killed Sigmund
  2928 | D:2      | Reached skill level 6 in Unarmed Combat
  2928 | D:2      | Reached XP level 6. HP: 11/51 MP: 2/9
  2941 | D:2      | Slain by a gnoll

Skill      XL: |  1  2  3  4  5 |
---------------+----------------+-----
Unarmed Combat | 4 5 6 |  6.1
Transmutations | 3 |  3.5
Fighting       | |  1.0
Dodging        | |  1.5
Spellcasting   | |  2.0

Action                   |  1- 3 |  4- 6 || total
-------------------------+-------+-------++-------
Melee: Unarmed           |   137 |    43 ||   180
       Headbutt          |     1 |       ||     1
       Punch             |     3 |       ||     3
 Cast: Beastly Appendage |     1 |       ||     1
       Sticks to Snakes  |     2 |     7 ||     9
 Abil: Spit Poison       |     3 |    32 ||    35
Evoke: Deck              |       |     1 ||     1
  Use: Scroll            |     2 |       ||     2
 Stab: Sleeping          |     2 |       ||     2
  Eat: Chunk             |     2 |     4 ||     6
Armor: Robe              |    37 |     2 ||    39
Dodge: Dodged            |    88 |    21 ||   109
